 Dungeon Crawl Stone Soup version 0.17-a0-2115-g0d8b93e (webtiles) character file.

98 Maka the Slasher (level 5, -2/35 HPs)
             Began as a Halfling Fighter on Oct 20, 2015.
             Slain by a worker ant (5 damage)
             ... on level 3 of the Dungeon.
             The game lasted 00:04:00 (2432 turns).

Maka the Slasher (Halfling Fighter)                 Turns: 2432, Time: 00:04:00

Health: -2/35      AC:  8    Str: 16    XL:     5   Next: 1%
Magic:  5/5        EV:  8    Int:  7    God:
Gold:   148        SH:  9    Dex: 15    Spells: 0 memorised, 4 levels left

rFire  . . .     SeeInvis .     a - +0 long sword
rCold  . . .     Clarity  .     b - +0 scale mail
rNeg   . . .     SustAt   .     c - +0 shield
rPois  .         Gourm    .     (no helmet)
rElec  .         Spirit   .     (no cloak)
rCorr  .         Warding  .     i - +0 pair of gloves
rMut   .         Stasis   .     (no boots)
MR     .....                    n - amulet of inaccuracy (curse)
Stlth  ..........               (no ring)
                                (no ring)

@: lethally poisoned (-2 -> -11), very slightly contaminated, hasted, very
quick, not resistant to hostile enchantments, extremely unstealthy
A: mutation resistance 1
a: no special abilities


You were on level 3 of the Dungeon.
You were not hungry.

You visited 1 branch of the dungeon, and saw 3 of its levels.

You collected 148 gold pieces.

Inventory:

Hand Weapons
 a - a +0 long sword (weapon)
Missiles
 p - 7 curare-tipped needles
Armour
 b - a +0 scale mail (worn)
 c - a +0 shield (worn)
 i - a +0 pair of gloves (worn)
Jewellery
 n - a cursed amulet of inaccuracy (around neck)
Wands
 q - a wand of paralysis (9)
Scrolls
 h - 3 scrolls of identify
 l - a scroll of blinking
 m - 2 scrolls of amnesia
Potions
 d - a potion of might
 j - 2 potions of brilliance
Comestibles
 e - 5 bread rations
 f - 2 slices of pizza
 o - 2 fruits


   Skills:
 - Level 2.6 Fighting
 + Level 4.7 Long Blades
 - Level 3.2 Armour
 - Level 3.2 Shields


You had 4 spell levels left.
You didn't know any spells.

Dungeon Overview and Level Annotations

Branches:
Dungeon (3/15)

Altars:


Innate Abilities, Weirdness & Mutations

You are small and have problems with some larger weapons.
You are somewhat resistant to further mutation.


Message History

You miss the worker ant.
The worker ant bites you but does no damage.
The worker ant barely misses you.
You closely miss the worker ant. The worker ant bites you.
* * * LOW HITPOINT WARNING * * *
Drink which item? (? for menu, Esc to quit)
It was a potion of mutation.
You feel extremely strange.
You feel sick. You block the worker ant's attack.
The worker ant bites you but does no damage.
Drink which item? (? for menu, Esc to quit)
You feel yourself speed up. The worker ant bites you.
* * * LOW HITPOINT WARNING * * *
You are lethally poisoned!
The worker ant poisons you!
You are very lightly contaminated with residual magic.
You hit the worker ant.
The worker ant is lightly wounded.
* * * LOW HITPOINT WARNING * * *
You feel sick. The worker ant bites you.
You die...

#..# #######..# .. ###..#
#..# . ....## #####... #.
#... .....)... .#
#..###........... # .##
#...).......#.#.#
###.###.###l.#####..#.#.#.#
.........##a#.## #..#.#.#.#
#......#@###.###..#.#.#.#
#....)..## ##.....#.#.#.#
#...>..#.###.####.#.#....
#.........#.............#
##########.######.#.#####
#.######.#.#
#..........#####
########........ #########


You could see a worker ant and a giant gecko.

Vanquished Creatures
  6 adders
  An ooze (D:2)
  4 giant geckos
  3 giant cockroaches
  4 goblins
  3 hobgoblins
  3 jackals (D:1)
  6 kobolds
  5 bats
  2 giant newts (D:2)
  5 rats
42 creatures vanquished.

Notes
Turn   | Place    | Note
--------------------------------------------------------------
     0 | D:1      | Maka the Halfling Fighter began the quest for the Orb.
     0 | D:1      | Reached XP level 1. HP: 15/15 MP: 1/1
   272 | D:1      | Reached XP level 2. HP: 6/20 MP: 2/2
  1208 | D:2      | Reached XP level 3. HP: 22/25 MP: 3/3
  1532 | D:2      | Reached skill level 4 in Long Blades
  1532 | D:2      | Reached XP level 4. HP: 24/30 MP: 4/4
  2426 | D:3      | Reached XP level 5. HP: 10/35 MP: 5/5
  2432 | D:3      | Slain by a worker ant

Vault maps used:
D:1:      moated_graveyard_arrival
D:2:      first_bread
D:3:      minmay_misc_feat_more_columns

Action                   |  1- 3 |  4- 6 || total
-------------------------+-------+-------++-------
Melee: Long sword        |   111 |   118 ||   229
  Use: Scroll            |     5 |     1 ||     6
       Potion            |       |     2 ||     2
  Eat: Chunk             |     2 |     3 ||     5
